 Dungeon Crawl Stone Soup version 0.29-a0-1065-g47a6bb87d6 (webtiles) character file.

Game seed: 8448784285776230336

51 SensoryNuts the Trooper (level 3, 0/33 HPs)
             Began as a Draconian Fighter on Aug 18, 2022.
             Slain by a gnoll
             ... wielding a +0 halberd
              (11 damage)
             ... on level 3 of the Dungeon.
             The game lasted 00:02:31 (2018 turns).

SensoryNuts the Trooper (Draconian Fighter)         Turns: 2018, Time: 00:02:32

Health: 0/33       AC:  5    Str: 20    XL:     3   Next: 57%
Magic:  3/3        EV: 12    Int:  8    God:
Gold:   119        SH:  4    Dex: 10    Spells: 2/2 levels left

rFire   . . .      SeeInvis .   g - +2 hand axe (vorpal)
rCold   . . .      Faith    .   b - +0 buckler
rNeg    . . .      Spirit   .   (body armour unavailable)
rPois   .          Reflect  .   (helmet restricted)
rElec   .          Harm     .   (no cloak)
rCorr   .          Rampage  .   (no gloves)
Will    .....                   (no boots)
Stlth   +.........              (no amulet)
HPRegen 0.11/turn               (no ring)
MPRegen 0.08/turn               (no ring)

@: mighty
A: AC +5, unfitting armour, cold-blooded
a: no special abilities


You were on level 3 of the Dungeon.
You visited 1 branch of the dungeon, and saw 3 of its levels.

You collected 119 gold pieces.

Inventory:

Hand Weapons
 a - a +0 war axe
 g - a +2 vorpal hand axe (weapon)
Armour
 b - a +0 buckler (worn)
Scrolls
 f - a scroll of brand weapon {unknown}
 h - a scroll of enchant armour {unknown}
 i - a scroll of noise {unknown}
 l - a scroll of blinking
Potions
 d - 2 potions of curing {unknown}
 e - a potion of experience {unknown}
 j - 2 potions of resistance {unknown}
 k - a potion of degeneration {unknown}


   Skills:
 + Level 3.7 Fighting
 + Level 2.7 Axes
 + Level 3.1 Dodging
 + Level 3.3 Shields


You had 2 spell levels left.
You didn't know any spells.
Your spell library contained the following spells:

 Spells                   Type           Power      Damage    Failure   Level
 Conjure Flame            Conj/Fire      0%         6-21      86%         3
 Ignite Poison            Fire/Tmut/Pois 0%         N/A       86%         3
 Sticky Flame             Conj/Fire      0%         2d3       99%         4
 Summon Lightning Spire   Summ/Air       0%         N/A       99%         4
 Storm Form               Tmut/Air       0%         N/A       100%        7
 Maxwell's Capacitive Co  Air            0%         ∞         100%        8


Dungeon Overview and Level Annotations

Branches:
Dungeon (3/15)

Altars:
Xom


Innate Abilities, Weirdness & Mutations

Your plain brown scales are hard. (AC +5)
You cannot fit into any form of body armour.
You are cold-blooded and may be slowed by cold attacks.


Message History

You barely miss the gnoll. You hit the plant. x2
You completely miss the endoplasm. You hit the plant.
A nearby plant withers and dies. x3
The gnoll hits you from afar with a +0 spear. x2
You block the endoplasm's attack. The gnoll barely misses you.
The endoplasm misses you. The gnoll hits you but does no damage.
You block the gnoll's attack.
You hit the gnoll but do no damage. You hit the endoplasm.
You kill the endoplasm!
The gnoll hits you but does no damage. You block the gnoll's attack.
The gnoll hits you from afar with a +0 spear.
The goblin hits the plant with a +0 club.
The plant begins to die.
You hit the gnoll.
The gnoll is heavily wounded.
The gnoll hits you from afar with a +0 spear.
The gnoll closely misses you. The gnoll hits you but does no damage.
The goblin hits the plant with a +0 club.
You are too injured to fight recklessly!
You are too injured to fight recklessly!
You are too injured to fight recklessly!
You are too injured to fight recklessly!
You are too injured to fight recklessly!
You are too injured to fight recklessly!
You are too injured to fight recklessly!
You are too injured to fight recklessly!
You are too injured to fight recklessly!
You are too injured to fight recklessly!
You are too injured to fight recklessly!
You are too injured to fight recklessly!
Unknown command.
You feel very mighty all of a sudden. The gnoll barely misses you. x2
The gnoll hits you from afar with a +0 spear.
The goblin hits the plant with a +0 club.
You closely miss the gnoll.
The gnoll is heavily wounded.
A nearby plant withers and dies.
You block the gnoll's attack. The gnoll hits you with a +0 halberd!
You die...

##### #.....#
.....#######.....# ###
...........#.....##....
.......##..............
......!....#...<....#
...!..)†.........#..#
..PPPP.....#........#
..PPPPPP...#...##.....
.......Pg@.............
.......P.$...#.......#.
.####."P.gg#.######....
#..PPg...?. #..#
#..PP.....?.#
#............
.............
..............#


You could see 3 gnolls and a goblin.

Vanquished Creatures
  2 worms (D:2)
  2 dart slugs
  A ball python (D:2)
  5 bats
  2 endoplasms
  3 giant cockroaches (D:1)
  6 hobgoblins
  3 quokkas (D:1)
  4 frilled lizards
  3 goblins
  2 kobolds
  6 rats
39 creatures vanquished.

Vanquished Creatures (others)
  7 plants (D:3)
7 creatures vanquished.

Grand Total: 46 creatures vanquished

Notes
Turn   | Place    | Note
-------+----------+-------------------------------------------
     0 | D:1      | SensoryNuts the Draconian Fighter began the quest for the
                  | Orb.
     0 | D:1      | Reached XP level 1. HP: 19/19 MP: 1/1
   313 | D:1      | Reached XP level 2. HP: 22/26 MP: 2/2
  1150 | D:2      | Reached XP level 3. HP: 25/31 MP: 3/3
  1295 | D:2      | Found a shimmering altar of Xom.
  2018 | D:3      | Slain by a gnoll

Illustrated notes

Levels and vault maps discovered:
D:1:      grunt_arrival_crossed_arrows, layout_loops_ring
D:2:      layout_loops_ring, basic_altar, nicolae_underground_beach
D:3:      layout_rooms, mainiacjoe_overflow_chevrons,
          shapermc_ecumenical_altar_ellora, serial_corexii_hall,
          chequers_hall_statues_y, chequers_hall_statues_y,
          chequers_hall_statues_wall_a, minmay_misc_feat_rows

Skill      XL: |  1  2 |
---------------+-------+-----
Dodging        | 3 |  3.1
Fighting       | |  3.7
Axes           | |  2.7
Shields        | |  3.3

Action                   || total
-------------------------++-------
Melee: War axe           ||    58
       Hand axe          ||    65
       Tailslap          ||     9
  Use: Scroll            ||     1
       Potion            ||     1
Armor: Skin              ||    40
Dodge: Dodged            ||    79
Block: Buckler           ||    37

Table legend: (Time is in decaauts)
 A = Elapsed time spent in this place.
 B = Non-inter-level travel time spent in this place.
 C = Inter-level travel time spent in this place.
 D = Time resting spent in this place.
 E = Time spent auto-exploring this place.
 F = Levels seen in this place.
 G = Mean time per level.
                   A        B        C        D        E       F      G
               +--------+--------+--------+--------+--------+-----+--------+
         Total |   2058 |   1903 |    155 |      0 |   1555 |   3 |  686.0 |
       Dungeon |   2058 |   1903 |    155 |      0 |   1555 |   3 |  686.0 |
               +--------+--------+--------+--------+--------+-----+--------+

Top non-repeatable levels by time:
     D:1: 1070 daAuts
     D:2: 961 daAuts
     D:3: 27 daAuts
